 Dungeon Crawl Stone Soup version 0.22-a0-445-g8c8ef71 (webtiles) character file.

6286 saradell the Carver (level 10, -8/88 HPs)
             Began as a White Draconian Berserker on June 2, 2018.
             Was a High Priest of Trog.
             Mangled by a blink frog (9 damage)
             ... on level 1 of the Lair of Beasts on June 6, 2018.
             The game lasted 02:21:26 (9222 turns).

saradell the Carver (White Draconian Berserker)     Turns: 9222, Time: 02:21:26

Health: -8/88      AC: 11    Str: 23    XL:     10   Next: 63%
Magic:  0/10       EV: 16    Int:  7    God:    Trog [*****.]
Gold:   160        SH:  0    Dex: 14    Spells: 9/9 levels left

rFire    . . .     SeeInvis .   A - +5 scimitar
rCold    + . .     Gourm    .   (no shield)
rNeg     . . .     Faith    .   (armour unavailable)
rPois    .         Spirit   +   (helmet restricted)
rElec    .         Reflect  .   (no cloak)
rCorr    .         Harm     .   f - +2 pair of gloves
MR       .....                  j - +0 pair of boots
Stlth    +++.......             g - amulet of guardian spirit
HPRegen  0.24/turn              C - ring of stealth
MPRegen  0.12/turn              q - +3 ring of dexterity

@: starving
A: breathe frost, unfitting armour, cold resistance 1, cold-blooded, AC +7
a: Breathe Frost, Berserk, Trog's Hand, Brothers in Arms, Renounce Religion


You were on level 1 of the Lair of Beasts.
You worshipped Trog.
Trog was extremely pleased with you.
You were starving.

You visited 3 branches of the dungeon, and saw 11 of its levels.

You collected 365 gold pieces.
You spent 205 gold pieces at shops.

Inventory:

Hand Weapons
 r - a +0 short sword of speed
 u - a +2 flail of holy wrath
 v - a +0 falchion
 x - a +1 flail of crushing
 z - a cursed +3 long sword of freezing
 A - a +5 scimitar (weapon)
Missiles
 h - 50 sling bullets
 t - 36 poisoned needles
 J - a throwing net (quivered)
Armour
 f - a +2 pair of gloves (worn)
 j - a +0 pair of boots (worn)
Jewellery
 g - an amulet of guardian spirit (around neck)
 q - a +3 ring of dexterity (right hand)
 s - an uncursed ring of magical power
 y - an uncursed ring of flight
 C - a ring of stealth (left hand)
 E - an uncursed ring of poison resistance
Wands
 p - a wand of digging (13)
 G - a wand of iceblast (12)
 M - a wand of polymorph (11)
Scrolls
 a - a scroll of fear {unknown}
 c - a scroll of teleportation
 d - 3 scrolls of magic mapping
 e - 2 scrolls of amnesia
 i - 2 scrolls of remove curse
 k - 2 scrolls of fog
 l - a scroll of immolation {unknown}
 F - 7 scrolls of identify
 H - a scroll of blinking
 L - a scroll of summoning
 N - a scroll of random uselessness {unknown}
Potions
 m - a potion of ambrosia {unknown}
 o - a potion of invisibility
 w - a potion of mutation {unknown}
 B - a potion of brilliance
 D - a potion of flight
 I - a potion of lignification {unknown}
 K - 2 potions of resistance
Comestibles
 b - 15 rations


   Skills:
 + Level 8.3 Fighting
 + Level 10.3 Long Blades
 + Level 7.3 Maces & Flails
 + Level 7.1 Dodging
 + Level 3.0 Stealth


You had 9 spell levels left.
You didn't know any spells.
Your spell library was empty.

Dungeon Overview and Level Annotations

Branches:
Dungeon (9/15)             Temple (1/1) D:7            Lair (1/6) D:9
    Orc: D:9-12

Altars:
Ashenzari
Cheibriados
Dithmenos
Elyvilon
Fedhas
Gozag
Hepliaklqana
Kikubaaqudgha
Makhleb
Nemelex Xobeh
Okawaru
Qazlal
Ru
Sif Muna
Trog
Uskayaw
Vehumet
Wu Jian
Xom
Yredelemnul
Zin
The Shining One

Shops:
D:8 *


Innate Abilities, Weirdness & Mutations

You can breathe waves of freezing cold.
You can buffet flying creatures when you breathe cold.
Your icy white scales are hard. (AC +7)
You cannot fit into any form of body armour.
Your flesh is cold resistant. (rC+)
You are cold-blooded and may be slowed by cold attacks.


Message History

* * * LOW HITPOINT WARNING * * *
The blink frog blinks!
The blink frog misses you. The blink frog hits you!
* * * LOW HITPOINT WARNING * * *
The blink frog blinks!
The blink frog hits you but does no damage.
The blink frog completely misses you. The blink frog completely misses you.
The blink frog blinks!
The blink frog closely misses you. The blink frog hits you!
* * * LOW HITPOINT WARNING * * *
The blink frog completely misses you.
The blink frog blinks!
There is an open door here.
You feel better. The blink frog hits you!
* * * LOW HITPOINT WARNING * * *
The blink frog closely misses you.
The blink frog hits you but does no damage.
The blink frog hits you!
You die...

###.## #..# ##.# ##P.+.# #..#
##..P ##.....# ##'##########....
#......#### #.......##.......
###.......#.# #........##.#....
.........+...####.......##..#....
###P..†...#...##..§.....'..##....
##..÷÷.####.###F.....FP###.....
##..<..# #...@F......## ##....
#.###### #####.......# #.... ###
#P#..#.## ##### ########


You could see 3 blink frogs.

Vanquished Creatures
  A two-headed ogre (D:9)
  Maurice (D:9)
  4 blink frogs (Lair:1)
  Grum (D:8)
  3 yaks (D:9)
  Edmund (D:6)
  A porcupine (D:9)
  3 orc warriors
  4 black bears
  2 wolves (D:8)
  2 phantoms
  7 ogres
  A crocodile (D:9)
  3 big kobolds
  A bullfrog (Lair:1)
  A wyvern skeleton (D:6)
  2 scorpions
  4 wights (D:6)
  9 howler monkeys
  3 crimson imps
  A quasit (D:5)
  A gnoll shaman (D:7)
  4 orc priests
  3 jellies
  A bullfrog skeleton (D:6)
  4 hounds
  7 orc wizards
  A centaur skeleton (D:8)
  Natasha (twice) (D:3)
  An iguana (D:6)
  6 worker ants
  2 worker ant zombies
  5 gnolls
  4 adders
  2 shadow imps
  2 adder zombies
  3 adder skeletons
  A dart slug (D:4)
  6 leopard geckos
  28 orcs
  3 giant cockroaches
  13 goblins
  6 hobgoblins
  9 jackals
  4 quokkas
  9 bats
  3 frilled lizards
  A jackal skeleton (D:9)
  20 kobolds
  A leopard gecko zombie (D:6)
  A quokka skeleton (D:4)
  A quokka zombie (D:7)
  5 rats
  2 bushes (D:4)
  2 plants (D:4)
218 creatures vanquished.

Vanquished Creatures (collateral kills)
  An orc (D:9)
1 creature vanquished.

Vanquished Creatures (others)
  8 fungi (D:9)
8 creatures vanquished.

Grand Total: 227 creatures vanquished

Notes
Turn   | Place    | Note
-------+----------+-------------------------------------------
     0 | D:1      | saradell the Draconian Berserker began the quest for the Orb.
     0 | D:1      | Reached XP level 1. HP: 19/19 MP: 1/1
    83 | D:1      | Reached XP level 2. HP: 23/26 MP: 2/2
   933 | D:2      | Reached ** piety under Trog
   933 | D:2      | Reached XP level 3. HP: 33/33 MP: 3/3
  1007 | D:2      | You fall through a shaft!
  1358 | D:3      | Reached XP level 4. HP: 37/40 MP: 4/4
  1637 | D:4      | Noticed Natasha
  1650 | D:3      | Killed Natasha
  1825 | D:3      | Reached skill level 1 in Long Blades
  1825 | D:3      | Reached XP level 5. HP: 15/46 MP: 3/5
  1828 | D:3      | HP: 2/46 [orc/war axe (8)]
  1978 | D:3      | Noticed Natasha
  1995 | D:3      | Killed Natasha
  2197 | D:4      | Reached *** piety under Trog
  2199 | D:4      | Reached skill level 2 in Long Blades
  2425 | D:4      | Reached XP level 6. HP: 48/53 MP: 3/6
  2869 | D:4      | Found a bloodstained altar of Trog.
  2891 | D:4      | Found a shadowy altar of Dithmenos.
  2977 | D:5      | Entered Level 5 of the Dungeon
  3021 | D:5      | Reached skill level 3 in Long Blades
  3477 | D:5      | Found a burning altar of Makhleb.
  3585 | D:5      | Found a deep blue altar of Sif Muna.
  3960 | D:5      | Reached skill level 5 in Fighting
  3960 | D:5      | Reached skill level 4 in Long Blades
  3960 | D:5      | Reached skill level 1 in Stealth
  3960 | D:5      | Your scales start taking on an icy white colour.
  3960 | D:5      | Reached XP level 7. HP: 55/61 MP: 7/7
  3960 | D:5      | Gained mutation: Your flesh is cold resistant. (rC+) [White Draconian growth]
  4002 | D:6      | Found a glowing silver altar of Zin.
  4325 | D:6      | Reached skill level 5 in Maces & Flails
  4476 | D:6      | Reached XP level 8. HP: 65/69 MP: 8/8
  4486 | D:6      | Noticed Edmund
  4496 | D:6      | Killed Edmund
  4496 | D:6      | Reached skill level 5 in Dodging
  4681 | D:6      | Reached **** piety under Trog
  5175 | D:7      | Found a staircase to the Ecumenical Temple.
  5389 | D:7      | Reached skill level 5 in Long Blades
  5810 | D:7      | Reached XP level 9. HP: 69/77 MP: 9/9
  5820 | D:8      | Reached ***** piety under Trog
  5893 | D:8      | Reached skill level 6 in Long Blades
  6059 | D:8      | Got an ichor-stained cloak
  6098 | D:8      | Identified the cursed -4 cloak "Tiggaw" {MR+} (You found it on level 8 of the Dungeon)
  6133 | D:8      | Found Riegokk's Assorted Antiques.
  6141 | D:8      | Bought an orange potion for 23 gold pieces
  6141 | D:8      | Bought a scroll labeled GACY IBYGA for 26 gold pieces
  6141 | D:8      | Bought 2 potions of curing for 156 gold pieces
  6261 | D:8      | Found a flagged portal.
  6413 | D:8      | Noticed Grum
  6430 | D:8      | Killed Grum
  6436 | D:8      | Reached skill level 7 in Long Blades
  6501 | D:9      | Found a burning altar of Makhleb.
  6628 | D:9      | Noticed a troll
  6657 | D:8      | HP: 3/78 [troll (3)]
  6691 | D:7      | HP: 3/78 [troll (8)]
  7049 | Temple   | Entered the Ecumenical Temple
  7318 | D:9      | Noticed Maurice
  7419 | D:9      | Reached skill level 8 in Long Blades
  7701 | D:9      | Noticed a two-headed ogre
  7711 | D:9      | Killed a two-headed ogre
  7711 | D:9      | Reached XP level 10. HP: 39/86 MP: 3/10
  7789 | D:9      | Found a staircase to the Lair.
  7813 | D:8      | Received a gift from Trog
  7813 | D:8      | Reached skill level 9 in Long Blades
  8630 | D:9      | Killed Maurice
  8770 | Lair:1   | Entered Level 1 of the Lair of Beasts
  8785 | Lair:1   | Reached skill level 10 in Long Blades
  9220 | Lair:1   | HP: 4/88 [blink frog (7)]
  9222 | Lair:1   | HP: 1/88 [blink frog (12)]
  9222 | Lair:1   | Mangled by a blink frog

Vault maps used:
D:1:      dpeg_arrival_tiny_d, minmay_curled_crystal, minmay_pentomino_w2
D:2:      first_ration
D:4:      nicolae_dithmenos_through_a_glass_darkly, bloody_trog,
          minmay_crystal_room, lexackson_kobold_supper, uniq_natasha
D:5:      nicolae_overflow_hidden_temple, led_sif_book
D:6:      basic_altar, uniq_edmund
D:7:      minmay_temple_entry_from_below_a
D:8:      enter_bailey_7, serial_shops, nicolae_shop_overgrown_old_shop,
          grunt_ogre_cave, minmay_stone_trees_medium, uniq_grum
D:9:      grunt_lair_entry_orc_guard_hut, makhleb_heckhound_becter, uniq_maurice
Temple:   hc_temple_tempest_star
Lair:1:   serial_bayou_ford_a, infiniplex_staircase_pool_2, serial_bayou_shore_b

Skill      XL: |  1  2  3  4  5  6  7  8  9 10 |
---------------+-------------------------------+-----
Dodging        | 3 4 5 6 7 |  7.1
Maces & Flails | 4 5 7 |  7.3
Fighting       | 4 5 6 7 8 |  8.3
Long Blades    | 1 2 4 5 8 10 | 10.3
Stealth        | 1 2 3 |  3.0

Action                   |  1- 3 |  4- 6 |  7- 9 | 10-12 || total
-------------------------+-------+-------+-------+-------++-------
Melee: Mace              |   101 |       |       |       ||   101
       Tailslap          |     7 |   109 |    45 |    20 ||   181
       Falchion          |     9 |   385 |       |       ||   394
       Flail             |       |    24 |    96 |       ||   120
       Scimitar          |       |       |   203 |   113 ||   316
  Use: Scroll            |     1 |     5 |     4 |     1 ||    11
       Potion            |       |     2 |     5 |     3 ||    10
 Stab: Sleeping          |       |       |     3 |       ||     3
  Eat: Ration            |     1 |     3 |     3 |       ||     7
       Chunk             |       |       |       |     2 ||     2
Armor: Skin              |    54 |    73 |   102 |    36 ||   265
Dodge: Dodged            |    81 |   139 |   256 |   115 ||   591
       Rpst.: Falchion   |     3 |    39 |       |       ||    42
       Scimitar          |       |       |    37 |    33 ||    70

Table legend:
 A = Spawn XP
 B = Non-spawn XP
 C = Spawn XP percentage of total XP
 D = Spawn monster count
 E = Non-spawn monster count
 F = Spawn count percentage of total count
 G = Total turns spent on level
                    A         B        C        D         E        F      G
               +---------+---------+-------+---------+---------+-------+---------
         Total |       0 |    8980 |   0.0 |       0 |     215 |   0.0 |  9222
               +---------+---------+-------+---------+---------+-------+---------
           D:1 |       0 |      35 |   0.0 |       0 |      23 |   0.0 |   924
           D:2 |       0 |      21 |   0.0 |       0 |       5 |   0.0 |    83
           D:3 |       0 |     183 |   0.0 |       0 |      37 |   0.0 |  1089
           D:4 |       0 |     219 |   0.0 |       0 |      18 |   0.0 |   883
           D:5 |       0 |     307 |   0.0 |       0 |      13 |   0.0 |   977
           D:6 |       0 |    1080 |   0.0 |       0 |      25 |   0.0 |  1145
           D:7 |       0 |    1294 |   0.0 |       0 |      31 |   0.0 |   859
           D:8 |       0 |     903 |   0.0 |       0 |      20 |   0.0 |  1551
           D:9 |       0 |    3806 |   0.0 |       0 |      38 |   0.0 |  1389
        Lair:1 |       0 |    1132 |   0.0 |       0 |       5 |   0.0 |   191
               +---------+---------+-------+---------+---------+-------+---------
